 Dungeon Crawl Stone Soup version 0.22-a0-284-g99d1f74 (webtiles) character file.

4155 grindst0ne the Geomancer (level 10, -2/50 HPs)
             Began as a Deep Elf Earth Elementalist on Mar 21, 2018.
             Was a Follower of Vehumet.
             Slain by an orc warrior
             ... wielding a +0 battleaxe
              (15 damage)
             ... on level 7 of the Dungeon.
             The game lasted 00:23:51 (9713 turns).

grindst0ne the Geomancer (DEEE)                     Turns: 9713, Time: 00:23:51

Health: -2/50      AC:  5    Str:  5    XL:     10   Next: 7%
Magic:  20/20      EV: 13    Int: 27    God:    Vehumet [*.....]
Gold:   382        SH:  0    Dex: 18    Spells: 1/19 levels left

rFire    . . .     SeeInvis .   h - +0 dagger (elec)
rCold    . . .     Gourm    .   (no shield)
rNeg     . . .     Faith    .   c - +0 robe
rPois    +         Spirit   .   (no helmet)
rElec    .         Reflect  .   (no cloak)
rCorr    .         Harm     .   H - +0 pair of fencer's gloves {+Riposte Dex+3}
MR       +++..                  F - +1 pair of boots
Stlth    ++........             (no amulet)
HPRegen  0.16/turn              N - ring of the Mage {Wiz MR++ Int+3}
MPRegen  0.17/turn              y - ring of poison resistance

@: no status effects
A: no striking features
a: Renounce Religion


You were on level 7 of the Dungeon.
You worshipped Vehumet.
Vehumet was aware of your devotion.
You were very hungry.

You visited 2 branches of the dungeon, and saw 9 of its levels.

You collected 382 gold pieces.

Inventory:

Hand Weapons
 h - a +0 dagger of electrocution (weapon)
 I - a +0 war axe
Missiles
 s - 8 javelins
 D - 12 tomahawks
 E - 23 stones (quivered)
Armour
 c - a +0 robe (worn)
 F - a +1 pair of boots (worn)
 H - the +0 pair of fencer's gloves (worn) {+Riposte Dex+3}
   (You found it on level 6 of the Dungeon)

   It affects your dexterity (+3).
Magical Staves
 l - an uncursed staff of death
Jewellery
 b - a +3 ring of intelligence
 y - a ring of poison resistance (right hand)
 N - the ring of the Mage (left hand) {Wiz MR++ Int+3}
   (You found it on level 8 of the Dungeon)

   [ring of wizardry]

   It improves your spell success rate.
   It affects your intelligence (+3).
   It affects your resistance to hostile enchantments.
Wands
 J - a wand of digging (7)
 L - a wand of acid (4)
Scrolls
 a - 3 scrolls of blinking {unknown}
 e - 6 scrolls of remove curse
 i - 4 scrolls of teleportation
 j - a scroll of fog {unknown}
 k - 4 scrolls of noise {unknown}
 m - 4 scrolls of amnesia {unknown}
 n - 2 scrolls of fear {unknown}
 u - 3 scrolls of enchant weapon {unknown}
 w - 2 scrolls of magic mapping {unknown}
 G - a scroll of enchant armour {unknown}
 K - 3 scrolls of random uselessness {unknown}
 M - 3 scrolls of identify
Potions
 f - 2 potions of curing
 g - 2 potions of cancellation
 o - a potion of agility {unknown}
 p - 3 potions of degeneration {unknown}
 q - 2 potions of flight
 r - 2 potions of might {unknown}
 t - a potion of resistance {unknown}
 v - 2 potions of heal wounds {unknown}
 x - 2 potions of lignification {unknown}
 z - a potion of invisibility {unknown}
 A - a potion of berserk rage {unknown}
 B - a potion of mutation {unknown}
 C - a potion of haste
Comestibles
 d - 10 rations


   Skills:
 - Level 2.4 Dodging
 - Level 2.4 Stealth
 - Level 5.3 Spellcasting
 + Level 7.6 Conjurations
 + Level 7.8 Summonings
 - Level 1.1 Transmutations
 + Level 7.0 Air Magic
 + Level 8.3 Earth Magic


You had one spell level left.
You knew the following spells:

 Your Spells              Type           Power        Failure   Level  Hunger
a - Sandblast             Erth           ######       1%          1    None
b - Passwall              Tmut/Erth      ####......   1%          2    None
c - Stone Arrow           Conj/Erth      ######       1%          3    #......
d - Summon Lightning Spi  Summ/Air       #####...     1%          4    ###....
e - Lee's Rapid Deconstr  Erth           ######....   2%          5    #####..
f - Confuse               Hex            #.......     9%          3    #......


Dungeon Overview and Level Annotations

Branches:
Dungeon (8/15)             Temple (1/1) D:7
   Lair: D:8-11

Altars:
Ashenzari
Cheibriados
Dithmenos
Elyvilon
Fedhas
Gozag
Hepliaklqana
Kikubaaqudgha
Makhleb
Nemelex Xobeh
Okawaru
Qazlal
Ru
Sif Muna
Trog
Uskayaw
Vehumet
Wu Jian
Xom
Yredelemnul
Zin
The Shining One


Message History

Done exploring.
There is a stone staircase leading up here.
You climb upwards.
The orc warrior shouts!
The adder hisses angrily.
You hear a shout!
The adder bites you but does no damage.
There is a stone staircase leading down, spattered with blood here.
The adder closely misses you.
The orc warrior hits you with a battleaxe!
The adder bites you but does no damage.
A yaktaur comes into view.
The yaktaur wields an arbalest.
The yaktaur shoots a bolt.
The bolt hits you!!
* * * LOW HITPOINT WARNING * * *
You hear a shout!
You see here a bolt.
An orc and a centaur warrior come into view.
The orc shouts!
You hear a shout!
Okay, then.
The adder barely misses you.
The orc warrior hits you with a battleaxe!
You die...

#............##....
######.......###...
#............. #.............
#...........#. #........####.
###########.......## #..
#....c.S..#.##..### #.>
#....#o@..#.##..# ##.. #...
#....#.....#####... #..
#...>#..##...##.... #c
######..####....... .o
###.....# #...##.. .
#.......## #...####
#....#...###..## #
#...#......#..# #
################..(.........#
##


You could see a yaktaur, an orc warrior and an adder.

Vanquished Creatures
  2 two-headed ogres (D:8)
  The ghost of grindst0ne the Grappler, a novice BaTm of Ru (D:6)
  Sigmund (D:4)
  3 sky beasts
  An orc warrior (D:6)
  A phantom (D:7)
  2 centaurs
  3 ogres
  3 bullfrogs
  2 scorpions
  2 howler monkeys
  2 crimson imps
  7 orc priests
  A hound (D:4)
  4 orc wizards
  A bullfrog skeleton (D:8)
  4 worker ants
  A worker ant zombie (D:5)
  8 gnolls
  A howler monkey skeleton (D:4)
  7 adders
  2 oozes
  An adder skeleton (D:4)
  6 worms
  3 dart slugs
  5 leopard geckos
  28 orcs
  6 bats
  4 giant cockroaches
  8 goblins
  6 hobgoblins
  3 jackals (D:6)
  6 kobolds
  2 quokkas
  2 frilled lizards
  A jackal zombie (D:5)
  A leopard gecko skeleton (D:6)
  5 rats
146 creatures vanquished.

Vanquished Creatures (collateral kills)
  A centaur (D:8)
  A scorpion (D:8)
  4 wights (D:8)
  A hound (D:8)
  An orc wizard (D:8)
  A worker ant (D:8)
  2 shadow imps (D:6)
  4 orcs (D:8)
15 creatures vanquished.

Vanquished Creatures (others)
  A wizard (D:6)
1 creature vanquished.

Grand Total: 162 creatures vanquished

Notes
Turn   | Place    | Note
-------+----------+-------------------------------------------
     0 | D:1      | grindst0ne the Deep Elf Earth Elementalist began the quest for the Orb.
     0 | D:1      | Reached XP level 1. HP: 10/10 MP: 6/6
     2 | D:1      | Noticed a ghoul
     2 | D:1      | Noticed a merfolk
     4 | D:1      | Noticed a draconian
     4 | D:1      | Noticed an octopode
     6 | D:1      | Noticed a gargoyle
     6 | D:1      | Noticed a demonspawn
     8 | D:1      | Noticed a spriggan
    10 | D:1      | Noticed a halfling
    10 | D:1      | Noticed an elf
    12 | D:1      | Noticed a vampire
    12 | D:1      | Noticed a tengu
    14 | D:1      | Noticed a human
    14 | D:1      | Noticed a naga
    16 | D:1      | Noticed a dwarf
    16 | D:1      | Noticed a formicid
    18 | D:1      | Noticed a demigod
    20 | D:1      | Noticed a vine stalker
    20 | D:1      | Noticed a minotaur
    22 | D:1      | Noticed an ogre
    24 | D:1      | Noticed a troll
    26 | D:1      | Noticed a centaur
    26 | D:1      | Noticed a felid
   200 | D:1      | Reached XP level 2. HP: 7/15 MP: 0/8
   213 | D:1      | Learned a level 2 spell: Passwall
   867 | D:2      | Reached skill level 4 in Earth Magic
   867 | D:2      | Reached XP level 3. HP: 19/19 MP: 6/10
   876 | D:2      | Learned a level 3 spell: Stone Arrow
   953 | D:2      | Reached XP level 4. HP: 24/24 MP: 7/12
   964 | D:2      | Found a glowing silver altar of Zin.
  1175 | D:2      | Reached skill level 5 in Spellcasting
  1324 | D:2      | Learned a level 4 spell: Summon Lightning Spire
  1757 | D:3      | Found a stormy altar of Qazlal.
  1761 | D:3      | Found a shimmering altar of Xom.
  1925 | D:3      | Reached skill level 1 in Summonings
  1925 | D:3      | Reached XP level 5. HP: 28/28 MP: 7/14
  2108 | D:3      | Reached skill level 1 in Air Magic
  2459 | D:3      | Reached skill level 5 in Earth Magic
  2617 | D:4      | Reached skill level 1 in Conjurations
  2865 | D:4      | Reached XP level 6. HP: 30/32 MP: 5/16
  3094 | D:4      | Found a white marble altar of Elyvilon.
  3096 | D:4      | Noticed Sigmund
  3103 | D:4      | Noticed a sky beast
  3103 | D:4      | Killed Sigmund
  3278 | D:4      | Killed a sky beast
  3278 | D:4      | Reached XP level 7. HP: 36/36 MP: 0/17
  3501 | D:5      | Entered Level 5 of the Dungeon
  3987 | D:5      | Found a hide-covered altar of Uskayaw.
  4171 | D:5      | Learned a level 5 spell: Lee's Rapid Deconstruction
  4213 | D:5      | Found a white marble altar of Elyvilon.
  4610 | D:5      | Reached XP level 8. HP: 27/41 MP: 14/18
  5103 | D:6      | Noticed grindst0ne's ghost (novice BaTm)
  5134 | D:6      | Killed grindst0ne's ghost
  5134 | D:6      | Reached skill level 5 in Conjurations
  5134 | D:6      | Reached skill level 5 in Summonings
  5134 | D:6      | Reached skill level 5 in Air Magic
  5134 | D:6      | Reached skill level 6 in Earth Magic
  5565 | D:6      | Found the +0 pair of fencer's gloves {+Riposte Dex+3}
  6344 | D:6      | Found a bloodstained altar of Trog.
  6345 | D:6      | Noticed a wizard
  6351 | D:6      | Killed a wizard
  6505 | D:7      | Reached XP level 9. HP: 42/45 MP: 9/19
  6744 | D:7      | Found a staircase to the Ecumenical Temple.
  6752 | Temple   | Entered the Ecumenical Temple
  6975 | Temple   | Became a worshipper of Vehumet
  7243 | D:7      | Reached skill level 7 in Earth Magic
  7355 | D:7      | Found a blossoming altar of Fedhas.
  7456 | D:7      | Found a shadowy altar of Dithmenos.
  7456 | D:7      | Found a sparkling altar of Nemelex Xobeh.
  8150 | D:8      | Noticed a two-headed ogre
  8159 | D:8      | Noticed a two-headed ogre
  8414 | D:8      | Found the ring of the Mage {Wiz MR++ Int+3}
  8433 | D:8      | Learned a level 3 spell: Confuse
  9109 | D:8      | Reached * piety under Vehumet
  9109 | D:8      | Offered knowledge of Flame Tongue by Vehumet.
  9421 | D:8      | Killed a two-headed ogre
  9421 | D:8      | Reached skill level 8 in Earth Magic
  9570 | D:8      | Killed a two-headed ogre
  9570 | D:8      | Reached XP level 10. HP: 50/50 MP: 6/20
  9712 | D:7      | Noticed a centaur warrior
  9713 | D:7      | Slain by an orc warrior

Vault maps used:
D:1:      kb_arrival_jail
D:2:      kb_forest_paths, old_standard_altar
D:3:      nicolae_overflow_hidden_temple
D:4:      elyvilon_altar_3, first_ration, minmay_misc_feat_iff, uniq_sigmund
D:5:      eat_drink_and_be_merry_uskayaw, basic_altar
D:6:      trog_wizard
D:7:      minmay_klotski, gammafunk_temple_overflow_statue,
          kennysheep_little_box, minmay_temple_entry_hall, uniq_duvessa
Temple:   dpeg_chambers_temple

Skill      XL: |  1  2  3  4  5  6  7  8  9 |
---------------+----------------------------+-----
Spellcasting   | 4 5 |  5.3
Earth Magic    | 4 5 6 8 |  8.3
Summonings     | 1 3 4 6 7 |  7.8
Air Magic      | 1 2 4 5 7 |  7.0
Conjurations   | 1 2 4 5 7 |  7.6
Dodging        | |  2.4
Stealth        | |  2.4
Transmutations | |  1.1

Action                   |  1- 3 |  4- 6 |  7- 9 | 10-12 || total
-------------------------+-------+-------+-------+-------++-------
Melee: Unarmed           |     3 |       |       |       ||     3
       Dagger            |     1 |     2 |    11 |       ||    14
 Cast: Sandblast         |    33 |    63 |    12 |       ||   108
       Stone Arrow       |       |    24 |   129 |     1 ||   154
       Summon Lightning  |       |       |    11 |       ||    11
       Passwall          |       |       |     1 |       ||     1
  Use: Scroll            |       |     6 |     1 |       ||     7
       Potion            |       |       |     6 |       ||     6
  Eat: Chunk             |       |     8 |    19 |       ||    27
       Ration            |       |       |     1 |       ||     1
Armor: Robe              |     1 |     6 |     6 |     2 ||    15
Dodge: Dodged            |     6 |    23 |    32 |     2 ||    63
       Rpst.: Dagger     |       |       |     8 |       ||     8

Table legend:
 A = Spawn XP
 B = Non-spawn XP
 C = Spawn XP percentage of total XP
 D = Spawn monster count
 E = Non-spawn monster count
 F = Spawn count percentage of total count
 G = Total turns spent on level
                    A         B        C        D         E        F      G
               +---------+---------+-------+---------+---------+-------+---------
         Total |       0 |    5936 |   0.0 |       0 |     161 |   0.0 |  9713
               +---------+---------+-------+---------+---------+-------+---------
           D:1 |       0 |      36 |   0.0 |       0 |      20 |   0.0 |   864
           D:2 |       0 |     125 |   0.0 |       0 |      19 |   0.0 |   787
           D:3 |       0 |      90 |   0.0 |       0 |      17 |   0.0 |  1121
           D:4 |       0 |     532 |   0.0 |       0 |      17 |   0.0 |   801
           D:5 |       0 |     687 |   0.0 |       0 |      18 |   0.0 |  1331
           D:6 |       0 |    1217 |   0.0 |       0 |      26 |   0.0 |  1598
           D:7 |       0 |     590 |   0.0 |       0 |      11 |   0.0 |  1757
           D:8 |       0 |    2659 |   0.0 |       0 |      33 |   0.0 |  1217
               +---------+---------+-------+---------+---------+-------+---------
